 Dungeon Crawl Stone Soup version 0.21.1-1-g345015f (webtiles) character file.

462 shakethe the Skirmisher (level 7, 0/44 HPs)
             Began as a Gargoyle Fighter on Feb 20, 2018.
             Slain by Dioder's ghost (4 damage)
             ... on level 4 of the Dungeon.
             The game lasted 00:07:37 (4584 turns).

shakethe the Skirmisher (Gargoyle Fighter)          Turns: 4584, Time: 00:07:38

Health: 0/44       AC: 13    Str: 19    XL:     7   Next: 7%
Magic:  7/7        EV:  9    Int: 11    God:
Gold:   53         SH:  4    Dex:  9    Spells: 6/6 levels left

rFire    . . .     SeeInvis .   v - +4 flail
rCold    . . .     Gourm    .   l - +0 buckler (curse)
rNeg     + . .     Faith    .   b - +0 scale mail
rPois    ∞         Spirit   .   n - +0 helmet
rElec    +         Reflect  .   (no cloak)
rCorr    .         Harm     .   (no gloves)
MR       .....                  (no boots)
Stlth    ..........             (no amulet)
HPRegen  0.14/turn              (no ring)
MPRegen  0.10/turn              (no ring)

@: no status effects
A: negative energy resistance 1, electricity resistance, unbreathing,
petrification resistance, rot immunity, AC +4
a: no special abilities


You were on level 4 of the Dungeon.
You were not hungry.

You visited 1 branch of the dungeon, and saw 5 of its levels.

You collected 223 gold pieces.
You spent 170 gold pieces at shops.

Inventory:

Hand Weapons
 e - a +0 morningstar
   (You took it off Terence on level 3 of the Dungeon)
 v - a +4 flail (weapon)
   (You took it off an orc on level 4 of the Dungeon)
Armour
 b - a +0 scale mail (worn)
 c - a +0 shield
 i - a +0 pair of boots
   (You found it on level 4 of the Dungeon)
 l - a cursed +0 buckler (worn)
   (You found it on level 1 of the Dungeon)
 n - a +0 helmet (worn)
   (You found it on level 1 of the Dungeon)
Jewellery
 a - an uncursed amulet of regeneration {unknown}
   (You found it on level 4 of the Dungeon)
Scrolls
 g - a scroll of fear
 h - a scroll of magic mapping {!r}
 o - a scroll of remove curse
 p - a scroll of immolation {unknown}
 q - a scroll of amnesia
 t - a scroll of enchant weapon {unknown}
 u - 2 scrolls of enchant armour
 y - a scroll of teleportation
Potions
 d - a potion of might
 j - a potion of mutation {!q}
 k - 3 potions of flight
 r - a potion of agility
 s - 3 potions of haste
 w - 3 potions of curing
 x - 3 potions of heal wounds
 z - a potion of lignification {!q}
 A - a potion of degeneration {!q}
Comestibles
 f - 3 rations
 m - 2 chunks of flesh {@w0@w0}


   Skills:
 + Level 5.5 Fighting
 + Level 4.3 Maces & Flails
 + Level 5.3 Armour
 - Level 4.0 Shields


You had 6 spell levels left.
You didn't know any spells.

Dungeon Overview and Level Annotations

Branches:
Dungeon (5/15)
 Temple: D:4-7

Altars:
Ashenzari
Cheibriados
Fedhas
Ru
Xom

Shops:
D:4 ![[

Annotations:
D:4 Dioder's ghost, novice FoFi


Innate Abilities, Weirdness & Mutations

You are resistant to torment.
Your stone body is resilient. (AC +4)
You are immune to poison.
You resist negative energy. (rN+)
You are resistant to electric shocks. (rElec)
You can survive without breathing.
You are immune to petrification.
You are immune to rotting.


Message History

m - a chunk of flesh {@w0@w0}
m - 2 chunks of flesh {@w0@w0} (gained 1)
w - 2 coppery potions Health restored: 44 No target in view!
x - an amethyst potion No target in view!
No target in view!
No target in view!
No target in view!
No target in view!
Found Taghahun's Distillery.
No target in view!
No target in view!
No target in view!
No target in view!
No target in view!
No target in view!
No target in view!
No target in view!
There is an entrance to Taghahun's Distillery here.
x - 3 potions of heal wounds (gained 2);
w - 3 potions of curing (gained 1)
z - a potion of lignification {!q};
A - a potion of degeneration {!q} Thank you for shopping at Taghahun's Distillery!
Found a stone staircase leading down.
No target in view!
No target in view!
No target in view!
No target in view!
The orc wizard shouts!
Found a snail-covered altar of Cheibriados.
You hit the orc wizard. The orc wizard hits you with a dagger.
You take 1 damage, and have 43/44 hp.
You barely miss the orc wizard.
The orc wizard hits you but does no damage.
You sock the orc wizard!
You kill the orc wizard!
No target in view!
No target in view!
No target in view!
No target in view!
No target in view!
No target in view!
No target in view!
No target in view!
No target in view!
No target in view!
No target in view!
No target in view!
No target in view!
y - a scroll of teleportation
Things that are here:
a dagger; a robe; an orc corpse Dioder's ghost turns its malevolent gaze towards you.
Health restored: 44 Dioder's ghost barely misses you.
You sock Dioder's ghost!
Dioder's ghost hits you but does no damage.
You sock Dioder's ghost! Dioder's ghost hits you!
You take 9 damage, and have 35/44 hp.
MASSIVE DAMAGE!!
You sock Dioder's ghost! Dioder's ghost hits you!
You take 7 damage, and have 28/44 hp.
You hit Dioder's ghost but do no damage.
Dioder's ghost hits you but does no damage.
You hit Dioder's ghost but do no damage.
Dioder's ghost hits you but does no damage. x2
Your scale mail prevents you from hitting Dioder's ghost.
Dioder's ghost hits you but does no damage.
You barely miss Dioder's ghost. You block Dioder's ghost's attack.
You barely miss Dioder's ghost. Dioder's ghost closely misses you.
You barely miss Dioder's ghost. Dioder's ghost hits you!
You take 9 damage, and have 20/44 hp.
MASSIVE DAMAGE!!
You hit Dioder's ghost. Dioder's ghost barely misses you.
You hit Dioder's ghost.
Dioder's ghost hits you but does no damage. x2
You sock Dioder's ghost!
Dioder's ghost hits you but does no damage.
You hit Dioder's ghost. Dioder's ghost barely misses you.
You hit Dioder's ghost. Dioder's ghost hits you.
You take 4 damage, and have 17/44 hp.
You barely miss Dioder's ghost. Dioder's ghost hits you.
You take 2 damage, and have 15/44 hp.
You hit Dioder's ghost.
Dioder's ghost hits you but does no damage. x2
You hit Dioder's ghost but do no damage.
Dioder's ghost hits you.
* * * LOW HITPOINT WARNING * * *
You take 6 damage, and have 10/44 hp.
You hit Dioder's ghost. Dioder's ghost hits you.
* * * LOW HITPOINT WARNING * * *
You take 3 damage, and have 7/44 hp.
You barely miss Dioder's ghost.
Dioder's ghost keens inconsolably.
Dioder's ghost hits you.
* * * LOW HITPOINT WARNING * * *
You take 3 damage, and have 4/44 hp.
You closely miss Dioder's ghost. Dioder's ghost hits you.
You die...

##....# ####....# ....#
######...# ......#
#...##.8##
.....###.#.....####
#...#...#..8.∩.8.####
#...#.#.#..........<#
#.....#......8......#
+.#.....#..)........#
#.....#.....@W......#
#.....##............#
#+###..##.##..###.###...#
.......##.##..# #.# ...#
#.......#..#..###'###..##
#.#.#...##.#....'_# #..#
#.#...........###'# #..#
o.#.##........# #.# #..#
#o####........###.###..#


You could see Dioder's ghost.

Vanquished Creatures
  A scorpion (D:4)
  A howler monkey (D:4)
  A crimson imp (D:5)
  2 orc wizards (D:4)
  Terence (D:3)
  A worker ant (D:4)
  4 gnolls (D:3)
  6 adders
  An ooze (D:1)
  6 worms
  3 dart slugs
  4 leopard geckos
  14 orcs
  A ball python (D:3)
  5 giant cockroaches
  9 goblins
  9 hobgoblins
  7 jackals
  2 quokkas
  5 bats
  4 frilled lizards
  6 kobolds
  8 rats
101 creatures vanquished.

Vanquished Creatures (others)
  5 dream sheep (D:4)
5 creatures vanquished.

Grand Total: 106 creatures vanquished

Notes
Turn   | Place    | Note
-------+----------+-------------------------------------------
     0 | D:1      | shakethe the Gargoyle Fighter began the quest for the Orb.
     0 | D:1      | Reached XP level 1. HP: 14/14 MP: 1/1
   200 | D:1      | Reached XP level 2. HP: 19/19 MP: 2/2
   434 | D:1      | Reached XP level 3. HP: 24/24 MP: 3/3
   720 | D:2      | Reached skill level 4 in Fighting
   736 | D:2      | Reached skill level 4 in Armour
   736 | D:2      | Reached XP level 4. HP: 10/29 MP: 4/4
   755 | D:2      | HP: 6/29 [worm (6)]
   775 | D:2      | HP: 6/29 [frilled lizard (2)]
  1062 | D:2      | Reached skill level 3 in Maces & Flails
  1420 | D:2      | Found a shattered altar of Ashenzari.
  1531 | D:2      | Found a faded altar of an unknown god.
  1618 | D:2      | Found a blossoming altar of Fedhas.
  1884 | D:3      | Reached XP level 5. HP: 33/34 MP: 5/5
  2578 | D:3      | Noticed Terence
  2599 | D:3      | Killed Terence
  3104 | D:4      | Reached skill level 5 in Fighting
  3104 | D:4      | Reached XP level 6. HP: 36/40 MP: 6/6
  3136 | D:4      | Found Vuodd's Armour Emporium.
  3167 | D:4      | Found Qymnevan's Antique Armour Emporium.
  3284 | D:4      | HP: 10/40 [leopard gecko (1)]
  3287 | D:4      | Reached skill level 5 in Armour
  3301 | D:4      | Noticed Dioder's ghost (novice FoFi)
  3304 | D:4      | HP: 4/40 [Dioder's ghost (8)]
  3305 | D:4      | HP: 1/40 [orc wizard/magic dart (3)]
  3310 | D:4      | Found a sacrificial altar of Ru.
  3719 | D:5      | Entered Level 5 of the Dungeon
  3751 | D:5      | Reached skill level 4 in Maces & Flails
  3751 | D:5      | Reached skill level 4 in Shields
  4048 | D:4      | HP: 10/40 [Dioder's ghost (8)]
  4049 | D:4      | HP: 2/40 [Dioder's ghost (8)]
  4349 | D:4      | Noticed a dream sheep
  4349 | D:4      | Noticed a dream sheep
  4349 | D:4      | Noticed a dream sheep
  4349 | D:4      | Noticed a dream sheep
  4349 | D:4      | Noticed a dream sheep
  4349 | D:4      | Found a shimmering altar of Xom.
  4354 | D:4      | Killed a dream sheep
  4355 | D:4      | Killed a dream sheep
  4355 | D:4      | Killed a dream sheep
  4355 | D:4      | Killed a dream sheep
  4357 | D:4      | Killed a dream sheep
  4378 | D:4      | Reached XP level 7. HP: 41/44 MP: 7/7
  4477 | D:4      | Found Taghahun's Distillery.
  4485 | D:4      | Bought 2 potions of heal wounds for 100 gold pieces
  4485 | D:4      | Bought a potion of curing for 30 gold pieces
  4485 | D:4      | Bought a potion of lignification for 30 gold pieces
  4485 | D:4      | Bought a potion of degeneration for 10 gold pieces
  4554 | D:4      | Found a snail-covered altar of Cheibriados.
  4580 | D:4      | HP: 10/44 [Dioder's ghost (6)]
  4582 | D:4      | HP: 4/44 [Dioder's ghost (3)]
  4584 | D:4      | Slain by Dioder's ghost

Skill      XL: |  1  2  3  4  5  6 |
---------------+-------------------+-----
Fighting       | 4 5 |  5.5
Armour         | 4 5 |  5.3
Maces & Flails | 3 4 |  4.3
Shields        | 4 |  4.0

Action                   |  1- 3 |  4- 6 |  7- 9 || total
-------------------------+-------+-------+-------++-------
Melee: Flail             |   134 |   184 |    23 ||   341
       Morningstar       |       |    96 |       ||    96
  Use: Scroll            |       |    11 |       ||    11
  Eat: Chunk             |       |     8 |     1 ||     9
       Ration            |       |     1 |       ||     1
Armor: Scale mail        |    86 |   178 |    11 ||   275
Dodge: Dodged            |    48 |   122 |     4 ||   174
Block: Shield            |    76 |    93 |       ||   169
       Buckler           |       |    29 |     1 ||    30

Vault maps used:
D:1:      grunt_arrival_lava_bath, grunt_decor_clamped
D:2:      fedhas_altar_fruit_tree, marbit_many_paths, first_ration,
          chequers_ecumenical_altar_grove
D:3:      uniq_terence
D:4:      kennysheep_ying_yang, kb_xom_exploding_sheep, lemuel_doored_altar,
          kennysheep_little_box, serial_shops, nicolae_shop_statue_plus, shop,
          shop, serial_bayou_pond_e, nicolae_ru_sacrificial_ziggurat
D:5:      nicolae_dithmenos_the_darkroom, eat_drink_and_be_merry_uskayaw,
          lemuel_temple_firewalk_b, corexii_hall_statues_i,
          kennysheep_generic_room_3, uniq_grinder

Table legend:
 A = Turns spent in this place as a percentage of turns spent in the entire game.
 B = Non-inter-level travel turns spent in this place as a percentage of non-inter-level travel turns spent in the entire game.
 C = Inter-level travel turns spent in this place as a percentage of turns spent in this place.
 D = Turns resting spent in this place as a percentage of non-inter-level travel turns spent in this place.
 E = Turns spent auto-exploring this place as a percentage of non-inter-level travel turns spent in this place.
 F = Non-inter-level travel turns spent in this place divided by the number of levels of this place that you've seen.
                   A       B       C       D       E      F
               +-------+-------+-------+-------+-------+----------------------
         Total | 100.0 | 100.0 |   2.9 |  31.8 |  45.4 | 890.6
       Dungeon | 100.0 | 100.0 |   2.9 |  31.8 |  45.4 | 890.6
               +-------+-------+-------+-------+-------+----------------------

Table legend:
 A = Kills in this place as a percentage of kills in entire the game.
 B = Kills by you in this place as a percentage of kills by you in the entire game.
 C = Kills by friends in this place as a percentage of kills by friends in the entire game.
 D = Other kills in this place as a percentage of other kills in the entire game.
 E = Experience gained in this place as a percentage of experience gained in the entire game.
 F = Experience gained in this place divided by the number of levels of this place that you have seen.
                   A       B       C       D       E      F
               +-------+-------+-------+-------+-------+----------------------
         Total | 100.0 | 100.0 |   N/A |   N/A | 100.0 | 132.2
       Dungeon | 100.0 | 100.0 |   N/A |   N/A | 100.0 | 132.2
               +-------+-------+-------+-------+-------+----------------------
